 Dungeon Crawl Stone Soup version bcrawl-1.21.2-20-g6d45ba5942 (webtiles) character file.

Game seed: 3353366975081552195

107 BeastOfSaturn the Sneak (level 4, -1/24 HPs)
             Began as a Vine Stalker Enchanter on Mar 1, 2020.
             Was an Initiate of Ru.
             Slain by a centaur (4 damage)
             ... on level 3 of the Dungeon.
             The game lasted 00:10:18 (2005 turns).

BeastOfSaturn the Sneak (Vine Stalker Enchanter)    Turns: 2005, Time: 00:10:19

Health: -1/24      AC:  4    Str: 11    XL:     4   Next: 86%
Magic:  2/8        EV: 12    Int: 15    God:    Ru [......]
Gold:   88         SH:  0    Dex: 15    Spells: 1/7 levels left

rFire    . . .     SeeInvis .   a - +1 dagger
rCold    . . .     Gourm    .   (no shield)
rNeg     . . .     Faith    .   n - +0 leather armour
rPois    .         Spirit   .   g - +0 helmet
rElec    .         Reflect  .   (no cloak)
rCorr    .         Harm     .   (no gloves)
MR       .....                  (no boots)
Stlth    +++.......             (no amulet)
HPRegen  0.48/turn              (no ring)
MPRegen  0.11/turn              (no ring)

@: no status effects
A: fangs 2, regeneration 1, no potion heal 3, rot immunity, strong jaws
a: Renounce Religion


You were on level 3 of the Dungeon.
You worshipped Ru.
Ru was noncommittal.
You were very hungry.

You visited 1 branch of the dungeon, and saw 3 of its levels.

You collected 88 gold pieces.

Inventory:

Hand Weapons
 a - a +1 dagger (weapon)
 q - a -3 short sword
Missiles
 k - 69 needles of confusion (quivered)
Armour
 b - a +0 robe
 g - a +0 helmet (worn)
 n - a +0 leather armour (worn)
Jewellery
 l - an uncursed ring of protection from fire {unknown}
Scrolls
 h - 3 scrolls of amnesia
 j - 4 scrolls of identify
 m - a scroll of remove curse
 p - 5 scrolls of teleportation {unknown}
Potions
 c - a potion of flight
 f - 2 potions of invisibility
 i - a potion of lignification {unknown}
 o - a potion of curing {unknown}
Comestibles
 e - 5 rations {!d}


   Skills:
 * Level 1.9 Short Blades
 + Level 0.3 Armour
 + Level 2.1 Dodging
 * Level 6.4 Stealth
 - Level 2.1 Spellcasting
 * Level 3.5 Hexes
 - Level 0.1 Ice Magic


You had one spell level left.
You knew the following spells:

 Your Spells              Type           Power        Failure   Level  Hunger
a - Corona                Hex            ##.....      7%          1    #......
b - Ensorcelled Hibernat  Hex/Ice        #.....       21%         2    ###....
c - Confuse               Hex            ##......     21%         3    ###....

Your spell library contained the following spells:

 Spells                   Type           Power        Failure   Level  Hunger
 Tukima's Dance           Hex            ##......     21%         3    ###....
 Dazzling Spray           Conj/Hex       #.....       38%         3    ###....


Dungeon Overview and Level Annotations

Branches:
Dungeon (3/12)

Altars:
Ru


Innate Abilities, Weirdness & Mutations

You have extremely sharp teeth.
Your natural rate of healing is unusually fast.
Potions cannot restore your health.
You are immune to rotting.
Your bites deal extra damage.


Message History

Items here: $ ) / † a +0 club; a wand of flame (17); 43 gold pieces; a hobgoblin corpse You closely miss the centaur.
You bite the centaur, but do no damage. The centaur hits you.
You hit the centaur.
The centaur is lightly wounded.
The centaur hits you. The centaur closely misses you.
You hit the centaur but do no damage.
The centaur is lightly wounded.
The centaur closely misses you.
You are feeling very hungry.
You closely miss the centaur. You bite the centaur.
The centaur is lightly wounded.
The centaur hits you!
* * * LOW HITPOINT WARNING * * *
As you read the scroll of fog, it crumbles to dust.
The scroll dissolves into smoke.
The centaur hits you.
* * * LOW HITPOINT WARNING * * *
The centaur hits you.
You die...

#.##.#w#......
#######.####.##
#...<..#.g#### #†......##
#.##.###.... #.##......
#.###..#.# ##.##.#..##
#......#.## #.....#..# ###
...... #........# #...#
#..#####.# #..§########...
..# #..§c@§§..##.#### ####
#####..§#####.......# #..
#...........#.#...#.####..
...######........##.....†.
#. ###.#.##.##.####.. #
###.##.##.# #.. #.......#
### ####.##.# #.##.# #


You could see a centaur.

Vanquished Creatures
  4 gnolls
  3 worms
  5 leopard geckos
  An orc (D:2)
  A giant cockroach (D:2)
  6 goblins
  8 hobgoblins
  5 jackals
  6 kobolds
  2 quokkas (D:3)
  2 bats (D:2)
  4 frilled lizards
  5 rats
52 creatures vanquished.

Notes
Turn   | Place    | Note
-------+----------+-------------------------------------------
     0 | D:1      | BeastOfSaturn the Vine Stalker Enchanter began the quest
                  | for the Orb.
     0 | D:1      | Reached XP level 1. HP: 10/10 MP: 4/4
   293 | D:1      | Reached XP level 2. HP: 12/15 MP: 6/6
   484 | D:1      | Reached skill level 1 in Short Blades
   488 | D:1      | Learned a level 2 spell: Ensorcelled Hibernation
   545 | D:1      | Reached skill level 5 in Stealth
   730 | D:2      | Reached XP level 3. HP: 19/19 MP: 2/7
  1007 | D:2      | Found a sacrificial altar of Ru.
  1023 | D:2      | Became a worshipper of Ru the Awakened
  1577 | D:3      | Reached XP level 4. HP: 24/24 MP: 8/8
  1585 | D:3      | Noticed a centaur
  1595 | D:2      | Reached skill level 6 in Stealth
  1658 | D:3      | Learned a level 3 spell: Confuse
  2005 | D:3      | Slain by a centaur

Skill      XL: |  1  2  3  4 |
---------------+-------------+-----
Short Blades   | 1 |  1.9
Stealth        | 5 6 |  6.4
Armour         | |  0.3
Dodging        | |  2.1
Spellcasting   | |  2.1
Hexes          | |  3.5
Ice Magic      | |  0.1

Action                   |  1- 3 |  4- 6 || total
-------------------------+-------+-------++-------
Melee: Dagger            |   122 |    84 ||   206
       Bite              |     3 |     9 ||    12
 Cast: Corona            |     1 |       ||     1
       Ensorcelled Hiber |    14 |    13 ||    27
  Use: Scroll            |     5 |     1 ||     6
 Stab: Sleeping          |    16 |     8 ||    24
  Eat: Chunk             |     3 |     2 ||     5
Armor: Robe              |     2 |       ||     2
       Leather armour    |    15 |     8 ||    23
Dodge: Dodged            |    83 |    42 ||   125
